 Dungeon Crawl Stone Soup version 0.18-a0-1718-g40ea4b6 (webtiles) character file.

74 dvd the Sneak (level 4, -6/21 HPs)
             Began as a Spriggan Enchanter on Apr 8, 2016.
             Was an Initiate of Gozag.
             Hit by a tomahawk thrown by an orc warrior (17 damage)
             ... on level 3 of the Dungeon.
             The game lasted 00:07:35 (2552 turns).

dvd the Sneak (Spriggan Enchanter)                  Turns: 2552, Time: 00:07:36

Health: -6/21      AC:  4    Str:  4    XL:     4   Next: 10%
Magic:  9/10       EV: 18    Int: 17    God:    Gozag
Gold:   240        SH:  0    Dex: 16    Spells: 3 memorised, 3 levels left

rFire  . . .     SeeInvis +     a - +1 dagger
rCold  . . .     Gourm    .     b - +1 robe
rNeg   . . .     Faith    .     (shield restricted)
rPois  .         Spirit   .     (helmet restricted)
rElec  .         Dismiss  .     (no cloak)
rCorr  .         Reflect  .     (gloves unavailable)
SustAt .         Harm     .     (boots unavailable)
MR     .....                    (no amulet)
Stlth  ++++......               (no ring)
                                g - +1 ring of protection

@: very quick, not resistant to hostile enchantments, stealthy
A: unfitting armour, see invisible, herbivore 3, speed 3, slow metabolism 2
a: Potion Petition, Call Merchant, Bribe Branch, Renounce Religion


You were on level 3 of the Dungeon.
You worshipped Gozag.
Gozag was noncommittal.
You were full.

You visited 1 branch of the dungeon, and saw 3 of its levels.

You collected 271 gold pieces.
You paid 31 gold pieces to Gozag.

Inventory:

Hand Weapons
 a - a +1 dagger (weapon)
 l - a +0 short sword
Armour
 b - a +1 robe (worn)
Jewellery
 g - a +1 ring of protection (left hand)
Scrolls
 e - 2 scrolls of identify {unknown}
 f - a scroll of remove curse {unknown}
 h - a scroll of blinking {unknown}
 i - a scroll of amnesia {unknown}
 j - a scroll of enchant weapon {unknown}
 k - a scroll of enchant armour {unknown}
Books
 c - a book of Maledictions

   Spells                             Type                      Level
   a - Corona                         Hexes                        1
   b - Ensorcelled Hibernation        Hexes/Ice                    2
   c - Confuse                        Hexes                        3
   d - Tukima's Dance                 Hexes                        3
   e - Dazzling Spray                 Conjuration/Hexes            3
Comestibles
 d - a bread ration


   Skills:
 + Level 0.1 Fighting
 + Level 1.2 Short Blades
 + Level 3.1 Dodging
 + Level 6.0 Stealth
 + Level 3.4 Spellcasting
 + Level 4.4 Hexes
 + Level 0.1 Ice Magic


You had 3 spell levels left.
You knew the following spells:

 Your Spells              Type           Power        Failure   Level  Hunger
a - Corona                Hex            ###....      2%          1    None
b - Ensorcelled Hibernat  Hex/Ice        ##....       12%         2    ##.....
c - Confuse               Hex            ###.....     10%         3    ###....


Dungeon Overview and Level Annotations

Branches:
Dungeon (3/15)

Altars:
Gozag


Innate Abilities, Weirdness & Mutations

You are tiny and cannot use many weapons and most armour.
You have supernaturally acute eyesight.
You are a herbivore.
You cover ground extremely quickly.
You need consume almost no food.


Message History

Casting: Ensorcelled Hibernation
Confirm with . or Enter, or press ? or * to list all spells.
Aiming: Confuse
Press: ? - help, Shift-Dir - straight line, f - orc wizard
Aim: an orc wizard, wielding a dagger and wearing a robe (chance to defeat MR: 49%)
The orc wizard appears confused.
You completely miss the orc wizard. The orc wizard misses you.
You hit the orc wizard but do no damage.
The orc wizard closely misses you.
You hit the orc wizard but do no damage.
The orc warrior shouts!
The orc wizard hits you but does no damage.
The orc warrior throws a tomahawk.
The tomahawk closely misses you.
You see here a tomahawk.
The orc warrior throws a tomahawk.
The tomahawk hits you!
You see here a tomahawk.
The orc warrior throws a tomahawk.
The tomahawk hits you!
Ouch! That really hurt!
You die...
Your body crumbles into a pile of gold.

..... .... ... ..##
#..# #.##..# #.....##
##.@### # #.$...# #.
#.(...# ######
..#..#.....#####....#
#.............##....#
###.###.......o#o...#
#.###!........o...#
.......$(...oo.....#
##.###........#....#


You could see an orc warrior and an orc wizard.

Vanquished Creatures
  An adder (D:2)
  2 worms (D:2)
  A dart slug (D:2)
  3 giant geckos (D:1)
  3 orcs
  5 bats
  A giant cockroach (D:1)
  11 goblins
  6 hobgoblins
  4 giant newts
  7 kobolds
  4 rats
48 creatures vanquished.

Notes
Turn   | Place    | Note
--------------------------------------------------------------
     0 | D:1      | dvd the Spriggan Enchanter began the quest for the Orb.
     0 | D:1      | Reached XP level 1. HP: 9/9 MP: 5/5
   178 | D:1      | Reached XP level 2. HP: 13/13 MP: 6/6
   190 | D:1      | Learned a level 2 spell: Ensorcelled Hibernation
   594 | D:1      | Reached skill level 5 in Stealth
   935 | D:1      | Reached XP level 3. HP: 16/16 MP: 5/8
  1233 | D:2      | Found an opulent altar of Gozag.
  1245 | D:2      | Became a worshipper of Gozag Ym Sagoz the Greedy
  1699 | D:2      | Learned a level 3 spell: Confuse
  1951 | D:3      | Noticed an orc warrior
  2412 | D:2      | Reached XP level 4. HP: 21/21 MP: 5/10
  2447 | D:3      | Reached skill level 6 in Stealth
  2552 | D:3      | Hit by a tomahawk thrown by an orc warrior

Vault maps used:
D:1:      minmay_arrival_split_and_join
D:2:      nicolae_gozag_cash_rules_everything_around_me
D:3:      grunt_temple_overflow_diamond, minmay_gold_behind_fungi

Skill      XL: |  1  2  3  4 |
---------------+-------------+-----
Hexes          | 4 |  4.4
Spellcasting   | 3 |  3.4
Stealth        | 5 6 |  6.0
Fighting       | |  0.1
Short Blades   | |  1.2
Dodging        | |  3.1
Ice Magic      | |  0.1

Action                   |  1- 3 |  4- 6 || total
-------------------------+-------+-------++-------
Melee: Dagger            |    74 |     7 ||    81
 Cast: Corona            |     9 |       ||     9
       Ensorcelled Hiber |    43 |     4 ||    47
       Confuse           |       |     1 ||     1
 Stab: Sleeping          |    37 |     3 ||    40
  Eat: Bread ration      |     1 |       ||     1
